 Dungeon Crawl Stone Soup version 0.28-a0-199-g298df9dbad (webtiles) character file.

Game seed: 7927333282455485830

4778 senseless the Slicer (level 10, -2/88 HPs)
             Began as a Minotaur Fighter on Aug 19, 2021.
             Was an Initiate of Cheibriados.
             Killed from afar by a starcursed mass (7 damage)
             ... with an accursed screaming
             ... created by the touch of Lugonu
             ... on level 7 of the Dungeon.
             The game lasted 00:16:41 (5633 turns).

senseless the Slicer (Minotaur Fighter)             Turns: 5633, Time: 00:16:42

Health: -2/88      AC: 17    Str: 25    XL:     10   Next: 23%
Magic:  9/9        EV:  7    Int:  6    God:    Cheibriados [......]
Gold:   287        SH: 10    Dex: 11    Spells: 9/9 levels left

rFire   . . .      SeeInvis .   k - +2 rapier (venom)
rCold   . . .      Faith    .   c - +0 kite shield
rNeg    . . .      Spirit   .   G - +0 plate armour
rPois   +          Reflect  .   (helmet restricted)
rElec   .          Harm     .   s - +2 cloak {rPois}
rCorr   +          Rampage  .   (no gloves)
Will    .....                   (no boots)
Stlth   ..........              h - amulet of regeneration
HPRegen 0.00/turn               F - ring of resist corrosion
MPRegen 0.11/turn               (no ring)

@: badly diseased, very slow
A: horns 2, retaliatory headbutt
a: Renounce Religion, Bend Time


You were on level 7 of the Dungeon.
You worshipped Cheibriados.
Cheibriados was noncommittal.
You visited 1 branch of the dungeon, and saw 7 of its levels.

You collected 287 gold pieces.

Inventory:

Hand Weapons
 a - a +0 long sword
 k - a +2 rapier of venom (weapon)
 r - a +2 quarterstaff of chaos
 w - a +2 mace of distortion
 E - a +0 broad axe of draining
Missiles
 d - 16 poisoned darts (quivered)
 x - 11 atropa-tipped darts
 C - a curare-tipped dart
Armour
 c - a +0 kite shield (worn)
 s - a +2 cloak of poison resistance (worn)
 u - the +0 pair of boots of Kunarri {rElec rN+ Dex-3}
   (You found it on level 4 of the Dungeon)

   Dex:       It affects your dexterity (-3).
   rElec:     It insulates you from electricity.
   rN:        It protects you from negative energy.
 G - a +0 plate armour (worn)
 H - +2 acid dragon scales
Jewellery
 h - an amulet of regeneration (around neck)
 F - a ring of resist corrosion (left hand)
Wands
 o - a wand of flame (5)
 B - a wand of mindburst (13)
Scrolls
 b - 2 scrolls of fear {unknown}
 e - 3 scrolls of identify {unknown}
 f - 2 scrolls of magic mapping {unknown}
 g - 2 scrolls of fog {unknown}
 i - 2 scrolls of vulnerability {unknown}
 n - a scroll of enchant weapon {unknown}
 t - a scroll of noise {unknown}
 v - a scroll of blinking {unknown}
 y - a scroll of amnesia {unknown}
 D - a scroll of teleportation {unknown}
Potions
 j - a potion of mutation {unknown}
 l - a potion of invisibility {unknown}
 m - a potion of haste {unknown}
 p - a potion of magic {unknown}
 q - 2 potions of resistance
 z - 2 potions of attraction {unknown}
 A - a potion of ambrosia


   Skills:
 + Level 8.0 Fighting
 + Level 9.3(9.9) Short Blades
 + Level 5.5(8.6) Long Blades
 + Level 8.8 Armour
 + Level 4.0 Dodging
 + Level 1.3 Stealth
 + Level 8.1 Shields


You had 9 spell levels left.
You didn't know any spells.
Your spell library contained the following spells:

 Spells                   Type           Power      Damage    Failure   Level
 Corona                   Hex            0%         N/A       100%        1
 Foxfire                  Conj/Fire      0%         2x1d4     100%        1
 Sandblast                Erth           0%         2d4       100%        1
 Summon Small Mammal      Summ           0%         N/A       100%        1
 Ensorcelled Hibernation  Hex/Ice        0%         N/A       100%        2
 Passwall                 Tmut/Erth      0%         N/A       100%        2
 Static Discharge         Conj/Air       0%         N/A       100%        2
 Conjure Flame            Conj/Fire      0%         6-21      100%        3
 Inner Flame              Hex/Fire       0%         N/A       100%        3
 Swiftness                Air            0%         N/A       100%        3
 Tukima's Dance           Hex            0%         N/A       100%        3
 Lee's Rapid Deconstruct  Erth           0%         3d5*      100%        5
 Lightning Bolt           Conj/Air       0%         1d11      100%        5
 Summon Mana Viper        Hex/Summ       0%         N/A       100%        5
 Yara's Violent Unravell  Hex/Tmut       0%         3d3       100%        5
 Invisibility             Hex            0%         N/A       100%        6
 Maxwell's Capacitive Co  Air            0%         ∞         100%        8
 Dragon's Call            Summ           0%         N/A       100%        9


Dungeon Overview and Level Annotations

Branches:
Dungeon (7/15)             Temple (0/1) D:5

Altars:
Cheibriados
Elyvilon
Gozag
Hepliaklqana
Makhleb
Sif Muna
Trog
Wu Jian
Xom
Yredelemnul
Lugonu

Shops:
D:6 (

Annotations:
D:4 2 transporters, p0werm0de's ghost, amateur GrFi


Innate Abilities, Weirdness & Mutations

You have a pair of horns on your head.
You reflexively headbutt those who attack you in melee.


Message History

You hit the ancient zyme but do no damage.
You headbutt the ancient zyme, but do no damage.
The ancient zyme is severely damaged.
The ancient zyme hits you.
The ancient zyme hits you but does no damage.
You feel ill.
You hit the ancient zyme. Your headbutt misses the ancient zyme.
The ancient zyme is severely damaged.
The ancient zyme hits you but does no damage.
You block the ancient zyme's attack.
You hit the ancient zyme.
The ancient zyme is almost destroyed.
The ancient zyme hits you but does no damage.
The ancient zyme hits you.
You feel ill.
You puncture the ancient zyme!
You destroy the ancient zyme!
That felt strangely unrewarding.
The starcursed mass touches you. The starcursed mass barely misses you.
A cacophony of accursed wailing tears at your sanity!
You suddenly lose the ability to move!
The starcursed mass touches you but does no damage.
The starcursed mass touches you!
* * * LOW HITPOINT WARNING * * *
The starcursed mass touches you.
* * * LOW HITPOINT WARNING * * *
The starcursed mass touches you!
* * * LOW HITPOINT WARNING * * *
You can move again.
You see here 12 gold pieces.
The starcursed mass touches you but does no damage.
A bullfrog zombie comes into view.
A chorus of shrieks assaults your mind.
* * * LOW HITPOINT WARNING * * *
Found a stone staircase leading down.
The starcursed mass touches you.
* * * LOW HITPOINT WARNING * * *
You block the bullfrog zombie's attack.
The bullfrog zombie hits you but does no damage.
A chorus of shrieks assaults your mind.
You die...

########
#......#
###......#
###
.....>..#
..
#......# #
#..Z...#
#.@#
###X##
#...#
#X### ##
#X# .####
##.# ....#
###XX#
###.####
#...## #
#....#
#X###


You could see 3 starcursed masses and a bullfrog zombie.

Vanquished Creatures
  A tentacled starspawn (D:6)
  Maggie (D:6)
  2 ancient zymes
  The ghost of PeterLawrence the Cudgeller, an amateur HOFi (D:5)
  Grinder (D:3)
  A wyvern (D:5)
  A wraith (D:7)
  9 yaks
  A steam dragon (D:6)
  Menkaure (D:5)
  A water moccasin (D:6)
  2 necrophages
  An orc warrior (D:6)
  An ogre (D:5)
  A sky beast (D:5)
  3 centaurs
  A phantom (D:6)
  A bullfrog (D:7)
  A kobold brigand (D:6)
  A wyvern zombie (D:4)
  A water moccasin zombie (D:5)
  A howler monkey (D:4)
  9 hounds
  Crazy Yiuf (D:3)
  2 centaur skeletons
  A gnoll shaman (D:7)
  3 orc priests (D:4)
  2 bullfrog skeletons
  3 iguanas
  Ijyb (D:3)
  Natasha (thrice) (D:3)
  5 orc wizards
  A hound skeleton (D:4)
  A howler monkey zombie (D:5)
  3 adders
  5 gnolls
  A howler monkey skeleton (D:6)
  A white imp (D:6)
  An ufetubus (D:6)
  2 worms (D:2)
  6 dart slugs
  17 orcs
  7 endoplasms
  A giant cockroach (D:2)
  10 goblins
  6 hobgoblins
  6 quokkas
  5 ball pythons
  7 bats
  4 frilled lizards (D:1)
  10 kobolds
  9 rats
167 creatures vanquished.

Vanquished Creatures (others)
  A plant (D:5)
  3 starspawn tentacles (D:6)
4 creatures vanquished.

Grand Total: 171 creatures vanquished

Notes
Turn   | Place    | Note
-------+----------+-------------------------------------------
     0 | D:1      | senseless the Minotaur Fighter began the quest for the Orb.
     0 | D:1      | Reached XP level 1. HP: 19/19 MP: 0/0
    13 | D:1      | Found a basalt altar of Yredelemnul.
   505 | D:1      | Reached XP level 2. HP: 27/27 MP: 1/1
   686 | D:1      | Found a faded altar of an unknown god.
   732 | D:1      | Became a worshipper of Lugonu the Unformed
   732 | D:1      | Reached * piety under Lugonu
   732 | D:1      | Reached ** piety under Lugonu
   851 | D:1      | Reached XP level 3. HP: 33/33 MP: 2/2
  1705 | D:3      | Noticed Ijyb
  1709 | D:3      | Killed Ijyb
  1710 | D:3      | Reached XP level 4. HP: 41/41 MP: 3/3
  1712 | D:3      | Reached *** piety under Lugonu
  1753 | D:3      | Found a hazy altar of Hepliaklqana.
  1754 | D:3      | Noticed Grinder
  1755 | D:3      | Noticed Natasha
  1771 | D:3      | Killed Natasha
  1773 | D:3      | Paralysed by Grinder for 5 turns
  1785 | D:3      | Killed Grinder
  1786 | D:3      | Reached skill level 5 in Armour
  1786 | D:3      | Reached skill level 1 in Dodging
  1786 | D:3      | Reached XP level 5. HP: 25/47 MP: 4/4
  1786 | D:3      | Reached XP level 6. HP: 30/55 MP: 5/5
  1962 | D:3      | Noticed Natasha
  1979 | D:3      | Killed Natasha
  1980 | D:3      | Reached skill level 5 in Fighting
  2022 | D:3      | Noticed Natasha
  2027 | D:3      | Killed Natasha
  2044 | D:3      | Found a runed translucent door.
  2045 | D:3      | Noticed Crazy Yiuf
  2417 | D:3      | Killed Crazy Yiuf
  2418 | D:3      | Reached skill level 5 in Shields
  2597 | D:4      | Found an opulent altar of Gozag.
  2631 | D:4      | Reached skill level 5 in Long Blades
  2644 | D:4      | Found a transporter.
  2646 | D:4      | Found a transporter.
  2647 | D:4      | Noticed p0werm0de's ghost (amateur GrFi)
  2777 | D:4      | Reached XP level 7. HP: 53/61 MP: 6/6
  2824 | D:4      | Identified the +0 pair of boots of Kunarri {rElec rN+
                  | Dex-3}
  3097 | D:4      | Reached skill level 1 in Short Blades
  3147 | D:4      | Reached **** piety under Lugonu
  3228 | D:4      | Reached skill level 2 in Short Blades
  3288 | D:4      | Noticed a yak
  3288 | D:4      | Noticed a yak
  3289 | D:4      | Noticed a yak
  3289 | D:4      | Noticed a yak
  3289 | D:4      | Noticed a yak
  3289 | D:4      | Noticed a yak
  3308 | D:4      | Killed a yak
  3313 | D:4      | Killed a yak
  3314 | D:4      | Reached skill level 3 in Short Blades
  3314 | D:4      | Reached XP level 8. HP: 51/70 MP: 7/7
  3319 | D:4      | Reached skill level 4 in Short Blades
  3331 | D:4      | Reached skill level 5 in Short Blades
  3424 | D:4      | Found a burning altar of Makhleb.
  3465 | D:4      | Found a white marble altar of Elyvilon.
  3565 | D:5      | Entered Level 5 of the Dungeon
  3708 | D:5      | Found a shimmering blue altar of Sif Muna.
  3714 | D:5      | Found a shimmering altar of Xom.
  3787 | D:5      | Found a runed translucent gate.
  3788 | D:5      | Noticed PeterLawrence's ghost (amateur HOFi)
  3791 | D:5      | Found a runed translucent gate.
  3791 | D:5      | Found a runed translucent gate.
  3891 | D:5      | Reached skill level 6 in Short Blades
  3895 | D:5      | Reached XP level 9. HP: 56/78 MP: 8/8
  3934 | D:5      | Noticed Menkaure
  3941 | D:5      | Killed Menkaure
  4067 | D:5      | Found an ornate altar of the Wu Jian Council.
  4090 | D:5      | Reached skill level 7 in Short Blades
  4134 | D:5      | Found a staircase to the Ecumenical Temple.
  4491 | D:5      | Killed PeterLawrence's ghost
  4497 | D:5      | Reached skill level 8 in Short Blades
  4622 | D:6      | Got Paluwol's Incunabulum of Enthralling Creation
  4698 | D:6      | Reached ***** piety under Lugonu
  4715 | D:6      | Found a snail-covered altar of Cheibriados.
  4799 | D:6      | Fell from the grace of Lugonu
  4799 | D:6      | Became a worshipper of Cheibriados the Contemplative
  4828 | D:6      | Found Tish's Weapon Boutique.
  5008 | D:6      | Noticed an ancient zyme
  5008 | D:6      | Noticed a tentacled starspawn
  5025 | D:6      | Killed a tentacled starspawn
  5032 | D:6      | Killed an ancient zyme
  5318 | D:6      | Noticed Maggie
  5331 | D:6      | Killed Maggie
  5332 | D:6      | Reached skill level 9 in Short Blades
  5332 | D:6      | Reached XP level 10. HP: 66/88 MP: 9/9
  5339 | D:6      | Reached skill level 1 in Stealth
  5470 | D:7      | Found a bloodstained altar of Trog.
  5607 | D:7      | Noticed a starcursed mass
  5623 | D:7      | Paralysed by accursed screaming for 2 turns
  5633 | D:7      | Killed from afar by a starcursed mass

Illustrated notes

Levels and vault maps discovered:
D:1:      dpeg_arrival_lava_altar, layout_rooms,
          hellmonk_ecumenical_altar_arch_garden, minmay_tetromino_l4
D:2:      layout_loops_ring
D:3:      layout_basic, nicolae_hepliaklqana_hazy_memory, uniq_natasha,
          uniq_crazy_yiuf_cottage, uniq_ijyb, uniq_grinder
D:4:      cheibrodos_barr_body, layout_loops_corners, elyvilon_altar_1,
          nicolae_overflow_crystal_walls, general_overflow_altar,
          gammafunk_ghost_smash, cheibrodos_gnoll_hut
D:5:      layout_gridville, mainiacjoe_overflow_big_doors,
          nicolae_wu_jian_wuxing_cycle, minmay_temple_entry_trees,
          gammafunk_ghost_split, st_stairs_14, wad_woods_river_04,
          kennysheep_potato, uniq_menkaure
D:6:      layout_basic, lemuel_doored_altar, kennysheep_small_square,
          uniq_maggie
D:7:      layout_rooms, mainiacjoe_overflow_24_doors, bloody_trog

Skill      XL: |  1  2  3  4  5  6  7  8  9 10 |
---------------+-------------------------------+-----
Shields        | 4 5 6 7 8 |  8.1
Fighting       | 4 5 6 7 8 |  8.0
Armour         | 4 5 6 8 |  8.8
Long Blades    | 3 4 5 |  5.5
Dodging        | 1 2 3 4 |  4.0
Short Blades   | 3 6 9 |  9.3
Stealth        | 1 |  1.3

Action                   |  1- 3 |  4- 6 |  7- 9 | 10-12 || total
-------------------------+-------+-------+-------+-------++-------
Melee: Long sword        |    88 |    63 |       |       ||   151
       Headbutt          |    13 |    16 |    62 |    11 ||   102
       Rapier            |       |    20 |   298 |    59 ||   377
  Use: Potion            |     1 |     4 |     1 |       ||     6
Armor: Scale mail        |    42 |     1 |       |       ||    43
       Chain mail        |       |    57 |   131 |       ||   188
       Plate armour      |       |       |    15 |    66 ||    81
Dodge: Dodged            |    23 |    24 |    94 |    36 ||   177
Block: Kite shield       |    41 |    36 |   149 |    51 ||   277
       Rpst.: Long sword |     9 |     3 |       |       ||    12

Table legend: (Time is in decaauts)
 A = Elapsed time spent in this place.
 B = Non-inter-level travel time spent in this place.
 C = Inter-level travel time spent in this place.
 D = Time resting spent in this place.
 E = Time spent auto-exploring this place.
 F = Levels seen in this place.
 G = Mean time per level.
                   A        B        C        D        E       F      G
               +--------+--------+--------+--------+--------+-----+--------+
         Total |   5914 |   5723 |    191 |     23 |   4492 |   7 |  844.9 |
       Dungeon |   5914 |   5723 |    191 |     23 |   4492 |   7 |  844.9 |
               +--------+--------+--------+--------+--------+-----+--------+

Top non-repeatable levels by time:
     D:4: 1074 daAuts
     D:1: 1060 daAuts
     D:5: 1025 daAuts
     D:6: 992 daAuts
     D:3: 956 daAuts
     D:2: 591 daAuts
     D:7: 213 daAuts
